 Dungeon Crawl Stone Soup version 0.30-a0-613-gdd512c7efb (webtiles) character file.

Game seed: 12417814940076384584

2690 oldriver the Basher (level 9, -1/69 HPs)
             Began as a Formicid Wanderer on Jan 8, 2023.
             Was a Follower of Okawaru.
             Hit by a large rock thrown by a cyclops (17 damage)
             ... on level 7 of the Dungeon.
             The game lasted 00:15:27 (8475 turns).

oldriver the Basher (Formicid Wanderer)             Turns: 8475, Time: 00:15:27

Health: -1/69      AC: 16    Str: 29    XL:     9   Next: 96%
Magic:  0/9        EV: 11    Int: 12    God:    Okawaru [*.....]
Gold:   393        SH:  0    Dex: 17    Spells: 8/8 levels left

rFire   . . .      SeeInvis +    v - +5 whip (holy)
rCold   . . .      Faith    .    (no shield)
rNeg    . . .      Spirit   +    u - +0 chain mail
rPois   .          Reflect  .    (helmet unavailable)
rElec   .          Harm     .    c - +0 cloak
rCorr   .          Rampage  .    (no gloves)
Will    .....                    f - +2 pair of boots
Stlth   +                        s - amulet of guardian spirit
HPRegen 0.31/turn                i - +6 ring of strength
MPRegen 0.11/turn                j - +6 ring of dexterity

@: heroic
A: permanent stasis, dig shafts and tunnels, antennae 3, four strong arms
a: Dig, Shaft Self, Renounce Religion, Heroism


You were on level 7 of the Dungeon.
You worshipped Okawaru.
Okawaru was aware of your devotion.
You visited 2 branches of the dungeon, and saw 8 of its levels.

You collected 393 gold pieces.

Inventory:

Hand Weapons
 v - a +5 whip of holy wrath (weapon)
Missiles
 e - 9 stones (quivered)
 o - 6 poisoned darts
 t - 3 silver boomerangs
Armour
 c - a +0 cloak (worn)
 f - a +2 pair of boots (worn)
 u - a +0 chain mail (worn)
Jewellery
 i - a +6 ring of strength (left hand)
 j - a +6 ring of dexterity (right hand)
 p - a +4 ring of slaying
 s - an amulet of guardian spirit (around neck)
 A - a +6 ring of dexterity
Wands
 b - a wand of mindburst (3)
Scrolls
 a - 3 scrolls of magic mapping
 d - 3 scrolls of fear
 g - 3 scrolls of identify
 q - 2 scrolls of fog
 y - a scroll of enchant armour
 z - 2 scrolls of butterflies {unknown}
Potions
 h - 4 potions of lignification
 k - 2 potions of flight
 l - 2 potions of mutation
 m - a potion of cancellation
 n - a potion of brilliance
 w - 2 potions of heal wounds {unknown}
 x - a potion of degeneration {unknown}
 B - a potion of resistance


   Skills:
 + Level 6.0(11.0) Fighting
 - Level 5.4(12.9) Axes
 * Level 8.9(14.6) Maces & Flails
 - Level 2.0(7.0) Throwing
 + Level 4.1(9.1) Armour
 - Level 4.0(9.0) Stealth
 - Level 1.1 Invocations
 - Level 5.4 Evocations


You had 8 spell levels left.
You didn't know any spells.
Your spell library contained the following spells:

 Spells                   Type           Power      Damage    Failure   Level
 Beastly Appendage        Tmut           0%         N/A       80%         1
 Necrotise                Necr           0%         1d4       80%         1
 Ensorcelled Hibernation  Hex/Ice        0%         N/A       91%         2
 Wereblood                Tmut           0%         N/A       91%         2
 Portal Projectile        Hex/Tloc       0%         N/A       99%         3
 Spider Form              Tmut/Pois      0%         N/A       99%         3
 Vampiric Draining        Necr           0%         2d6       99%         3
 Anguish                  Hex/Necr       0%         N/A       100%        4
 Leda's Liquefaction      Hex/Erth       0%         N/A       100%        4
 Agony                    Necr           0%         N/A       100%        5
 Summon Small Mammal      Summ           Unusable   N/A       N/A         1
 Call Canine Familiar     Summ           Unusable   N/A       N/A         3
 Summon Guardian Golem    Hex/Summ       Unusable   N/A       N/A         3

Dungeon Overview and Level Annotations

Branches:
Dungeon (7/15)             Temple (1/1) D:5

Altars:
Elyvilon
Fedhas
Gozag
Makhleb
Okawaru
Qazlal
Ru
Sif Muna
Vehumet
Wu Jian
Xom
Yredelemnul
Zin
The Shining One


Innate Abilities, Weirdness & Mutations

You cannot be hasted, slowed, berserked, paralysed or teleported.
You can dig through walls and to a lower floor.
You have a pair of large antennae on your head. (SInv)
Your four strong arms can wield two-handed weapons with a shield.


Message History

The steam dragon is almost dead.
The steam dragon bites you but does no damage.
The steam dragon claws you but does no damage.
The phantom closely misses you.
You hit the steam dragon.
You kill the steam dragon!
Okawaru accepts your kill.
The steam dragon scales are intact enough to wear.
The scorpion stings you.
* * * LOW HITPOINT WARNING * * *
You are poisoned.
The scorpion poisons you!
Your base Fighting skill increases to level 6!
Your base Armour skill increases to level 4!
You whack the scorpion!
You kill the scorpion!
Okawaru accepts your kill.
You feel sick. The phantom barely misses you.
You hit the phantom.
The phantom convulses.
The phantom is moderately damaged.
You feel sick.
You closely miss the phantom.
The phantom is moderately damaged.
You feel sick.
The phantom hits you but does no damage.
You closely miss the phantom.
The phantom is moderately damaged.
You feel sick.
You miss the phantom.
The phantom is moderately damaged.
You feel sick.
The phantom hits you but does no damage.
A cyclops comes into view.
You feel better. The phantom barely misses you.
Aiming: Mindburst
Press: ? - help, Shift-Dir - straight line, f - cyclops
Aim: a cyclops, quivering large rocks (chance to affect: 69%)
The cyclops's mind is blasted!!
The cyclops throws a large rock.
The large rock hits you!!
You die...

....................
....†.....##.##...###..
...........#.##........
.......###...<....#....
.......###..††....#...
...........#.#.##.C..
.......####.†...#.##.
#...######.........##...
##### #.......@[......
#......W........
#....>....##....
#.........# ###
#.........# ##......$##
#......... #.........#


You could see a cyclops and a phantom.

Vanquished Creatures
  A gargoyle (D:7)
  A wyvern (D:5)
  A steam dragon (D:7)
  2 water moccasins (D:7)
  An ice beast (D:6)
  2 sky beasts
  2 ogres
  A centaur (D:6)
  5 bullfrogs
  A necrophage (D:6)
  7 scorpions
  2 gnoll boudas
  2 hounds
  An orc priest (D:5)
  5 iguanas
  Natasha (D:4)
  An orc wizard (D:5)
  13 gnolls
  6 adders
  2 shadow imps
  2 ufetubi
  2 worms
  3 dart slugs
  10 orcs
  10 ball pythons
  9 bats
  4 endoplasms
  4 giant cockroaches
  6 goblins
  3 hobgoblins
  3 jackals (D:1)
  3 kobolds (D:1)
  3 quokkas
  5 frilled lizards
  6 rats
130 creatures vanquished.

Vanquished Creatures (others)
  5 plants (D:4)
5 creatures vanquished.

Grand Total: 135 creatures vanquished

Notes
Turn   | Place    | Note
-------+----------+-------------------------------------------
     0 | D:1      | oldriver the Formicid Wanderer began the quest for the Orb.
     0 | D:1      | oldriver set off with the following items: a +0 hand axe, a
                  | wand of mindburst (14), a +0 cloak, a scroll of fear, a +0
                  | leather armour.
     0 | D:1      | Reached XP level 1. HP: 13/13 MP: 1/1
   218 | D:1      | Reached XP level 2. HP: 20/20 MP: 2/2
   219 | D:1      | Reached skill level 1 in Fighting
   484 | D:1      | Reached XP level 3. HP: 26/26 MP: 3/3
  1511 | D:2      | Reached XP level 4. HP: 24/34 MP: 4/4
  2670 | D:3      | Reached XP level 5. HP: 39/40 MP: 5/5
  3186 | D:4      | Reached skill level 1 in Armour
  3371 | D:4      | Noticed an ogre
  3732 | D:4      | Killed an ogre
  3733 | D:4      | Reached XP level 6. HP: 48/48 MP: 6/6
  3784 | D:4      | Found a sacrificial altar of Ru.
  4150 | D:4      | Noticed Natasha
  4153 | D:4      | Killed Natasha
  4358 | D:5      | Entered Level 5 of the Dungeon
  4390 | D:5      | Noticed an ogre
  4394 | D:5      | Killed an ogre
  4395 | D:5      | Reached XP level 7. HP: 54/54 MP: 7/7
  4489 | D:5      | Reached skill level 5 in Axes
  4950 | D:5      | Reached skill level 1 in Maces & Flails
  5343 | D:5      | Found a staircase to the Ecumenical Temple.
  5503 | D:5      | Noticed a wyvern
  5508 | D:5      | Killed a wyvern
  5509 | D:5      | Reached skill level 5 in Fighting
  5509 | D:5      | Reached skill level 2 in Maces & Flails
  5509 | D:5      | Reached XP level 8. HP: 36/62 MP: 8/8
  5915 | D:6      | Reached skill level 3 in Maces & Flails
  5948 | D:6      | Found a stormy altar of Qazlal.
  6180 | D:6      | Reached skill level 4 in Maces & Flails
  6339 | D:6      | Reached skill level 5 in Maces & Flails
  6505 | D:6      | Found a glowing golden altar of the Shining One.
  6682 | D:6      | Reached skill level 6 in Maces & Flails
  6704 | D:6      | Reached XP level 9. HP: 59/68 MP: 7/9
  6771 | D:6      | Found an ornate altar of the Wu Jian Council.
  6858 | D:6      | Reached skill level 7 in Maces & Flails
  7221 | D:6      | Found a shimmering altar of Xom.
  7418 | D:6      | Reached skill level 8 in Maces & Flails
  7698 | Temple   | Entered the Ecumenical Temple
  7853 | Temple   | Became a worshipper of Warmaster Okawaru
  8284 | D:7      | Reached skill level 1 in Throwing
  8380 | D:7      | Noticed a gargoyle
  8386 | D:7      | Killed a gargoyle
  8386 | D:7      | Reached * piety under Okawaru
  8473 | D:7      | Noticed a cyclops
  8475 | D:7      | Hit by a large rock thrown by a cyclops

Illustrated notes

Levels and vault maps discovered:
D:1:      dpeg_arrival_court, layout_basic, nicolae_kite_square_tiling_tiny
D:2:      layout_basic
D:3:      layout_basic
D:4:      layout_loops_cross, mainiacjoe_overflow_brackets,
          minmay_misc_feat_tiny, serial_bayou_ford_a, hangedman_glass_teeth,
          uniq_natasha
D:5:      layout_basic, minmay_temple_entry_from_below_a
D:6:      layout_layer_cave, lemuel_tele_altar, tgw_xom,
          mainiacjoe_overflow_alcove_1, lemuel_round_altar,
          kennysheep_generic_room_10
D:7:      minmay_the_grid_octo_2x2 [minmay_the_grid_octo_77,
          minmay_the_grid_octo_focus, minmay_the_grid_octo_pinwheel,
          minmay_the_grid_octo_prize_star], layout_rooms,
          nemelex_dance_club_becter, serial_shops, nicolae_shop_crystal
Temple:   hellmonk_temple_forest_ring

Skill      XL: |  1  2  3  4  5  6  7  8  9 |
---------------+----------------------------+-----
Fighting       | 1 2 3 4 5 6 |  6.0
Stealth        | 4 |  4.0
Axes           | 2 4 5 |  5.4
Armour         | 1 2 3 4 |  4.1
Maces & Flails | 2 6 8 |  8.9
Throwing       | 2 |  2.0
Invocations    | |  1.1
Evocations     | |  5.4

Action                   |  1- 3 |  4- 6 |  7- 9 || total
-------------------------+-------+-------+-------++-------
Melee: Hand axe          |   116 |    89 |    51 ||   256
       Whip              |       |       |   289 ||   289
       Punch             |       |       |     8 ||     8
Throw: Dart              |       |     2 |     4 ||     6
       Stone             |       |     7 |    44 ||    51
       Boomerang         |       |       |     1 ||     1
Invok: Heroism           |       |       |     1 ||     1
Evoke: Wand              |       |     6 |     5 ||    11
  Use: Scroll            |     2 |     7 |     6 ||    15
       Potion            |       |       |     2 ||     2
 Stab: Sleeping          |    11 |     5 |     2 ||    18
Armor: Leather armour    |    48 |     1 |       ||    49
       Ring mail         |       |    62 |    23 ||    85
       Chain mail        |       |       |   150 ||   150
Dodge: Dodged            |    73 |    73 |   154 ||   300

Table legend: (Time is in decaauts)
 A = Elapsed time spent in this place.
 B = Non-inter-level travel time spent in this place.
 C = Inter-level travel time spent in this place.
 D = Time resting spent in this place.
 E = Time spent auto-exploring this place.
 F = Levels seen in this place.
 G = Mean time per level.
                   A        B        C        D        E       F      G
               +--------+--------+--------+--------+--------+-----+--------+
         Total |   8469 |   7720 |    749 |   1096 |   4812 |   8 | 1058.6 |
       Dungeon |   8295 |   7580 |    715 |   1096 |   4680 |   7 | 1185.0 |
        Temple |    174 |    141 |     33 |      0 |    132 |   1 |  174.0 |
               +--------+--------+--------+--------+--------+-----+--------+

Top non-repeatable levels by time:
     D:6: 1846 daAuts
     D:5: 1788 daAuts
     D:2: 1456 daAuts
     D:1: 1165 daAuts
     D:3: 938 daAuts
     D:4: 908 daAuts
     D:7: 192 daAuts
  Temple: 174 daAuts
